 Dungeon Crawl Stone Soup version 0.26-a0-683-g5206c1d7ac (webtiles) character file.

Game seed: 13175722420433563206

851843 tasumai the Gargoyle Barricade (level 27, -13/199 HPs)
             Began as a Gargoyle Berserker on Oct 22, 2020.
             Was the Champion of Trog.
             Mangled by a juggernaut zombie (28 damage)
             ... on level 14 of a ziggurat.
             The game lasted 03:43:12 (68128 turns).

tasumai the Gargoyle Barricade (GrBe)              Turns: 68128, Time: 03:43:13

Health: -13/199    AC: 67    Str: 35    XL:     27
Magic:  25/25      EV: 20    Int:  9    God:    Trog [******]
Gold:   10204      SH: 28    Dex:  9    Spells: 29/29 levels left

rFire    + + +     SeeInvis +   w - +10 broad axe "Vookk" {vorpal, rF+ rN+ Int+2}
rCold    + + +     Faith    .   r - +0 tower shield
rNeg     + + .     Spirit   .   L - +10 plate armour {rF+}
rPois    ∞         Reflect  .   j - +2 helmet {SInv}
rElec    +         Harm     .   f - +0 cloak "Kieda" {*Contam rC+ rCorr Stlth+}
rCorr    +         Rampage  .   q - +2 pair of gloves
MR       ++++.                  E - +2 pair of boots
Stlth    +.........             u - amulet "Ubig" {+Inv rF+++ Regen+ Int-5 Slay+4}
HPRegen  1.83/turn              N - +4 ring of evasion
MPRegen  0.19/turn              k - ring of Xom's Full Attention {rElec rC+++ Str+5 Dex-2 SInv}

@: resistant, berserk cooldown, flying, regenerating, slowed, studying Dodging,
very slow
A: big wings, agile 1, negative energy resistance 1, electricity resistance,
unbreathing, petrification resistance, rot immunity, MP-powered wands, sturdy
frame 1, AC +20
}: 5/15 runes: decaying, silver, iron, abyssal, gossamer
a: Stop Flying, Berserk, Trog's Hand, Brothers in Arms, Renounce Religion, Evoke
Invisibility


You were on level 14 of a ziggurat.
You worshipped Trog.
Trog was exalted by your worship.
You visited 11 branches of the dungeon, and saw 55 of its levels.
You visited the Abyss 5 times.
You visited 1 ziggurat, and saw 14 of its levels.
You also visited: Ossuary, Ice Cave and Wizlab.

You collected 11432 gold pieces.
You spent 1228 gold pieces at shops.

Inventory:

Hand Weapons
 w - the +10 broad axe "Vookk" (weapon) {vorpal, rF+ rN+ Int+2}
   (Trog gifted it to you on level 4 of the Lair of Beasts)

   It inflicts extra damage upon your enemies.
   It affects your intelligence (+2).
   It protects you from fire.
   It protects you from negative energy.
 x - the +4 staff of Dispater
   (You took it off Dispater on level 7 of the Iron City of Dis)
 R - a +9 sacred scourge of holy wrath
Armour
 f - the +0 cloak "Kieda" (worn) {*Contam rC+ rCorr Stlth+}
   (You found it in a wizard's laboratory)

   It protects you from cold.
   It causes magical contamination when unequipped.
   It provides partial protection from all sources of acid and corrosion.
   It makes you more stealthy.
 j - a +2 helmet of see invisible (worn)
 q - a +2 pair of gloves (worn)
 r - a +0 tower shield (worn)
 E - a +2 pair of boots (worn)
 L - a +10 plate armour of fire resistance (worn)
Jewellery
 k - the ring of Xom's Full Attention (right hand) {rElec rC+++ Str+5 Dex-2 SInv}
   (You found it on level 1 of the Lair of Beasts)

   [ring of see invisible]

   It affects your strength (+5).
   It affects your dexterity (-2).
   It renders you almost immune to cold.
   It insulates you from electricity.
   It lets you see invisible.
 n - the ring "Fafasaazuf" {rN+++ MP-9 Str-5 Dex+3 SInv}
   (You found it in a wizard's laboratory)

   [ring of see invisible]

   It affects your strength (-5).
   It affects your dexterity (+3).
   It renders you almost immune to negative energy.
   It affects your magic capacity (-9).
   It lets you see invisible.
 u - the amulet "Ubig" (around neck) {+Inv rF+++ Regen+ Int-5 Slay+4}
   (You acquired it on level 15 of the Dungeon)

   [amulet of regeneration]

   It affects your intelligence (-5).
   It affects your accuracy and damage with ranged weapons and melee attacks
   (+4).
   It renders you almost immune to fire.
   It lets you turn invisible.
   It increases your rate of regeneration.
 N - a +4 ring of evasion (left hand)
Wands
 b - a wand of polymorph (26)
 i - a wand of flame (179)
 m - a wand of random effects (149)
 p - a wand of digging (7)
 y - a wand of enslavement (35)
 F - a wand of iceblast (24)
 I - a wand of disintegration (45)
 J - a wand of acid (76)
 W - a wand of paralysis (43)
Scrolls
 c - 20 scrolls of teleportation
 d - 11 scrolls of identify
 l - 8 scrolls of fear
 v - 28 scrolls of remove curse
 z - 6 scrolls of blinking
 H - 7 scrolls of fog
 K - 2 scrolls of holy word
 P - 6 scrolls of summoning
 S - 9 scrolls of magic mapping
 Z - 4 scrolls of enchant weapon
Potions
 e - 14 potions of curing
 g - 11 potions of stabbing
 h - 6 potions of haste
 s - 4 potions of invisibility
 A - 7 potions of cancellation
 B - 6 potions of might
 D - 5 potions of magic
 O - 2 potions of resistance
 T - 5 potions of mutation
 V - 14 potions of ambrosia
 Y - 6 potions of berserk rage
Books
 C - a manual of Dodging
Miscellaneous
 a - a condenser vane (2/2)
 o - a box of beasts (3/3)
 M - a phial of floods
 U - a phantom mirror


   Skills:
 O Level 27 Fighting
   Level 5.3 Long Blades
 O Level 27 Axes
 + Level 3.8(20.4) Maces & Flails
 + Level 2.1(3.2) Staves
 + Level 1.9 Throwing
 O Level 27 Armour
 + Level 13.5 Dodging
 + Level 6.6 Stealth
 O Level 27 Shields
 + Level 2.1 Unarmed Combat
 + Level 1.9 Spellcasting
 + Level 6.0 Evocations


You had 29 spell levels left.
You didn't know any spells.
Your spell library contained the following spells:

 Spells                   Type           Power        Failure   Level
 Ignite Poison            Fire/Tmut/Pois #.......     90%         3
 Fireball                 Conj/Fire      #.........   100%        5
 Starburst                Conj/Fire      #.........   100%        6
 Haunt                    Necr/Summ      #.........   100%        7
 Borgnjor's Revivificati  Necr           #.........   100%        8
 Ignition                 Fire           #.........   100%        8
 Infestation              Necr           #.........   100%        8
 Necromutation            Tmut/Necr      #.........   100%        8
 Death's Door             Necr           #.........   100%        9


Dungeon Overview and Level Annotations

Branches:
Dungeon (15/15)            Temple (0/1) D:7            Lair (6/6) D:10
  Swamp (4/4) Lair:4       Spider (4/4) Lair:3        Slime (0/5) Lair:5
    Orc (2/2) D:12            Elf (3/3) Orc:2        Vaults (5/5) D:14
  Crypt (3/3) Vaults:3       Tomb (0/3) Crypt:3      Depths (5/5) D:15
   Hell (visited)             Dis (7/7) Hell            Geh (0/7) Hell
    Coc (0/7) Hell            Tar (0/7) Hell            Zot (0/5) Depths:5
Ossuary (visited)           IceCv (visited)          WizLab (visited)

Altars:
Cheibriados
Dithmenos
Elyvilon
Fedhas
Kikubaaqudgha
Makhleb
Nemelex Xobeh
Okawaru
Ru
Sif Muna
Trog
Uskayaw
Vehumet
Xom
Yredelemnul
The Shining One
Beogh
Jiyva
Lugonu

Shops:
D:5 [   D:7 :   D:9 :   D:13 *   Orc:2 ?!(}   Elf:2 *   Vaults:1 *   Vaults:4 }
Vaults:5 =   Depths:2 }

Portals:
Hell: Depths:1 Depths:2 Depths:3 Depths:4 Depths:5
Abyss: Depths:1 Depths:2 Depths:3 Depths:4 Depths:5
Pandemonium: Depths:1 Depths:2 Depths:3


Innate Abilities, Weirdness & Mutations

You are resistant to torment.
Your stone body is resilient. (AC +20)
You are immune to poison.
Your large and strong wings let you fly indefinitely.
You resist negative energy. (rN+)
You are resistant to electric shocks. (rElec)
You can survive without breathing.
You are immune to petrification.
You are immune to rotting.
You are agile. (Dex +2)
You expend magic power (3 MP) to strengthen your wands.
Your movements are slightly less encumbered by armour. (ER -2)


Message History

The red devil hits you but does no damage.
Unknown command.
You slice the frost giant skeleton!!
The frost giant skeleton is severely damaged.
You slice the juggernaut zombie!! You slice the caustic shrike skeleton!!
You slice the storm dragon zombie!!
You block the caustic shrike skeleton's attack.
The caustic shrike skeleton completely misses you.
The storm dragon zombie bites you but does no damage.
You block the storm dragon zombie's attack. x2
You block the frost giant skeleton's attack.
The reaper hits you from afar with a +1 scythe of venom!!
* * * LOW HITPOINT WARNING * * *
The red devil closely misses you.
The reaper hits you from afar with a +3 scythe of flaming!
* * * LOW HITPOINT WARNING * * *
You feel better.
The caustic shrike skeleton barely misses you.
The juggernaut zombie hits you!!
You die...

▓▓▓▓▓▓▓▓▓▓▓▓▓
▓▓...........▓▓
▓▓.............▓▓
▓▓........4......▓▓
▓=.......Z2)@Z....▓▓
))|.......2ZZZ.....▓▓
}:?.........2.......▓▓
)[|................∩.▓
)=[.................▓▓
)[!................▓▓
▓.................▓▓
▓▓...............▓▓
▓▓.............▓▓


You could see 2 reapers, a balrug, a red devil, a storm dragon zombie, a
juggernaut zombie, a shadow dragon skeleton, a frost giant skeleton and a
caustic shrike skeleton.

Vanquished Creatures
  Dispater (Dis:7)
  8 ancient liches
  4 juggernauts
  Mennas (Vaults:3)
  Sojobo (Vaults:2)
  Boris (Vaults:5)
  Frederick (Depths:5)
  Margery (Vaults:3)
  Saint Roka (Orc:2)
  Geryon (Hell)
  5 golden dragons
  3 profane servitors
  A Hellbinder (WizLab)
  7 bone dragons
  Jory (Vaults:2)
  2 Tzitzimimeh
  17 iron giants
  5 Brimstone Fiends
  14 liches
  Arachne (Spider:4)
  The ghost of miscthings the Imperceptible, an adept KoBe of Trog (Depths:5)
  5 tentacled monstrosities
  8 Hell Sentinels
  2 titans
  3 acid blobs (Zig:7)
  7 Ice Fiends
  2 deep elf master archers (Elf:3)
  3 deep elf blademasters
  Murray (Hell)
  5 quicksilver dragons
  The ghost of Biocos the Whirler, an adept HaHu of Okawaru (Depths:3)
  12 tentacled starspawn
  10 Executioners
  34 ancient champions
  Kirke (D:12)
  A draconian monk (Depths:5)
  5 shadow dragons
  5 sphinxes
  3 thorn hunters
  5 storm dragons
  8 revenants
  15 tengu reavers
  Donald (Vaults:2)
  A draconian knight (Depths:5)
  7 deep elf sorcerers
  2 azure jellies (Lair:5)
  5 fire giants
  4 ghost moths
  The ghost of Cumifues the Severer, a journeyman MiMo of Qazlal (Spider:2)
  10 frost giants
  5 orc warlords
  7 hydra zombies
  13 iron dragons
  9 ghouls
  8 emperor scorpions (Spider:4)
  The ghost of jr88keys the Peltast, an adept GrFi of Okawaru (Lair:3)
  7 cacodemons
  A corrupter (Zig:9)
  9 deep elf elementalists
  23 vault wardens
  8 balrugs
  An angel (Abyss:3)
  4 curse skulls (Crypt:3)
  26 very ugly things
  44 reapers
  2 draconian annihilators
  27 war gargoyles
  8 entropy weavers
  17 ironheart preservers
  21 stone giants
  13 vampire knights
  A black draconian (Depths:5)
  11 deep elf demonologists
  A green draconian (Abyss:4)
  The ghost of snackwell the Summoner, a journeyman TeSu of Ashenzari (Swamp:2)
  A yellow draconian (Depths:5)
  4 lorocyprocas
  A dire elephant (D:15)
  9 deep elf annihilators
  10 spark wasps
  2 red draconians (Depths:5)
  10 ettins
  8 eidola
  Snorg (D:11)
  5 crystal guardians
  13 deep elf death magi
  8 blizzard demons
  2 mummy priests (Zig:5)
  A quicksilver dragon zombie (Dis:6)
  12 fire dragons
  10 green deaths
  A merfolk impaler (Depths:2)
  13 great orbs of eyes
  9 jiangshi
  A death ooze (Zig:7)
  21 yaktaur captains
  4 rakshasas
  7 deep elf high priests
  2 great orbs of eyes (shapeshifter) (Abyss:3)
  12 boulder beetles
  2 hell beasts (Dis:7)
  13 ice dragons
  A quicksilver dragon skeleton (Crypt:1)
  33 vault guards
  22 hydras
  A catoblepas (Lair:5)
  5 spriggan air magi
  8 centaur warriors
  6 ghost crabs
  14 shambling mangroves
  48 two-headed ogres
  4 death knights
  An anaconda (shapeshifter) (Vaults:5)
  27 dancing weapons
  6 deep troll shamans
  16 ogre magi
  2 queen ants (shapeshifter)
  22 hell hogs
  13 alligators
  8 orc high priests
  11 tengu warriors
  3 spriggan berserkers
  13 vampire magi
  13 deep troll earth magi
  15 thrashing horrors
  25 deep elf knights
  7 sun demons
  6 titan zombies
  19 iron golems
  16 soul eaters
  5 storm dragon zombies
  2 titan skeletons
  Sonja (Lair:1)
  10 wretched stars
  2 salamander mystics (Zig:6)
  2 fire crabs (shapeshifter)
  120 skeletal warriors
  4 shadow wraiths
  27 hell knights
  6 golden dragon zombies
  13 iron trolls
  2 ghost moth zombies
  3 sixfirhies
  17 flayed ghosts
  2 death drakes
  6 spriggan druids
  A glowing orange brain (shapeshifter) (Vaults:3)
  An infernal demonspawn (Depths:3)
  3 shadow dragon zombies
  2 obsidian statues
  A spatial maelstrom (Abyss:3)
  6 swamp dragons
  5 glowing orange brains
  A death drake (shapeshifter) (Abyss:3)
  15 deep elf archers
  36 deep trolls
  18 phantasmal warriors
  2 shadow demons
  4 spectral hydras (Swamp:4)
  25 starcursed masses
  6 wizards
  2 lindwurms (Lair:6)
  12 unseen horrors
  4 anaconda zombies
  A kraken simulacrum (Hell)
  An anaconda skeleton (Hell)
  18 orc knights
  5 orange crystal statues
  18 ironbrand convokers
  A sphinx zombie (Zig:14)
  3 wolf spider zombies
  16 necromancers
  A harpy (shapeshifter) (Zig:9)
  3 iron dragon zombies
  A lindwurm (shapeshifter) (Abyss:3)
  4 golden dragon skeletons
  5 tengu zombies
  4 manticores
  26 wolf spiders
  3 stone giant zombies
  19 orb spiders
  20 ugly things
  92 deep elf magi
  7 oklob plants
  8 orc sorcerers
  A shadow dragon skeleton (Dis:2)
  5 frost giant zombies
  9 cyclopes
  9 fire giant zombies
  26 large abominations
  4 worldbinders
  A frost giant skeleton (Crypt:2)
  2 stone giant skeletons
  9 black mambas
  3 fire giant skeletons
  5 moths of wrath
  Joseph (D:10)
  2 shock serpent zombies
  13 vault sentinels
  A guardian serpent (Lair:6)
  22 elephants
  A naga mage (Zig:6)
  A water nymph (shapeshifter) (Depths:3)
  4 dire elephant zombies
  70 rust devils
  7 ice statues
  3 apocalypse crabs
  2 eyes of devastation
  A shock serpent skeleton (Dis:6)
  7 torpor snails
  20 hellions
  A gargoyle (D:15)
  28 cane toads
  A yaktaur zombie (Vaults:2)
  3 orange demons
  A cane toad (shapeshifter) (Vaults:1)
  A black draconian zombie (Dis:3)
  8 smoke demons
  4 rime drakes
  50 tormentors
  11 demonic crawlers
  16 komodo dragons
  2 spriggan skeletons (Zig:14)
  2 emperor scorpion zombies
  5 kobold demonologists
  A redback zombie (D:15)
  3 efreet
  A guardian mummy (Zig:5)
  An elf skeleton (Zig:14)
  A komodo dragon (shapeshifter) (Vaults:3)
  3 tengu conjurers
  78 yaktaurs
  A rime drake (shapeshifter) (Vaults:3)
  An entropy weaver simulacrum (Vaults:1)
  A yaktaur (shapeshifter) (Vaults:4)
  5 hellwings
  22 freezing wraiths
  An iron troll zombie (Crypt:2)
  16 red devils
  38 ice devils
  A minotaur skeleton (Crypt:1)
  2 catoblepas skeletons
  A meliai (shapeshifter) (Vaults:4)
  3 meliai (Spider:4)
  3 polar bears
  A troll (shapeshifter) (Vaults:5)
  2 harpy zombies
  22 jumping spiders
  A queen bee (shapeshifter) (Vaults:3)
  11 ancient zymes
  A death drake zombie (Swamp:4)
  48 hornets
  2 tengu simulacra
  13 trolls
  16 tyrant leeches
  2 raiju (shapeshifter)
  2 hydra skeletons
  19 bog bodies
  20 slime creatures
  A merfolk (shapeshifter) (Vaults:5)
  3 polar bears (shapeshifter)
  A death drake skeleton (Swamp:4)
  A slime creature (shapeshifter) (Vaults:5)
  14 blink frogs
  A dream sheep (shapeshifter) (Elf:1)
  A blink frog (shapeshifter) (D:14)
  A fire giant simulacrum (Vaults:2)
  9 raiju (Abyss:5)
  3 ice dragon zombies
  5 ettin zombies
  2 fire dragon zombies
  A stone giant simulacrum (Vaults:5)
  An alligator zombie (Hell)
  12 shadows
  39 flying skulls
  2 ice dragon skeletons
  70 redbacks
  19 spriggans
  A fire dragon skeleton (Abyss:3)
  17 wraiths
  7 ynoxinuls
  5 air elementals
  38 tarantellas
  12 wyverns
  An ettin skeleton (Crypt:3)
  A human (D:12)
  2 yaks (shapeshifter)
  A vampire (D:11)
  A dire elephant simulacrum (Crypt:1)
  11 water elementals
  12 chaos spawn
  A human (shapeshifter) (Vaults:2)
  7 neqoxecs
  114 yaks
  7 basilisks
  2 hogs (D:12)
  10 fire bats
  9 fire elementals
  A golden eye (Abyss:3)
  8 vampire mosquitoes
  2 basilisks (shapeshifter)
  2 spatial vortices (Abyss:3)
  6 wargs
  20 insubstantial wisps
  3 nagas (Abyss:5)
  A merfolk zombie (Crypt:1)
  23 swamp worms
  A glowing shapeshifter zombie (Crypt:1)
  2 hydra simulacra (Swamp:4)
  An acid dragon (D:14)
  4 cane toad zombies (Hell)
  A gelid demonspawn zombie (Crypt:3)
  7 small abominations
  A torturous demonspawn skeleton (Crypt:1)
  76 hell hounds
  24 water moccasins
  3 soldier ants
  A gelid demonspawn skeleton (Crypt:3)
  A floating eye (shapeshifter) (Vaults:5)
  2 cane toad skeletons (Hell)
  A floating eye (Depths:2)
  4 snapping turtle zombies
  A hornet zombie (D:8)
  12 swamp drakes
  A dream sheep zombie (Crypt:3)
  56 orc warriors
  2 sky beasts
  12 ice beasts
  4 eyes of draining
  7 human zombies
  A black bear (D:13)
  A manticore zombie (Dis:1)
  An eye of draining (shapeshifter) (Depths:2)
  3 phantoms
  3 swamp dragon zombies
  A blink frog zombie (Crypt:3)
  A fire dragon simulacrum (Crypt:3)
  17 boggarts
  8 human skeletons
  15 necrophages
  44 ogres
  16 wolves
  2 swamp dragon skeletons (Swamp:4)
  10 centaurs
  A fire crab zombie (Crypt:2)
  20 bullfrogs
  13 big kobolds
  An elf zombie (Dis:2)
  A palentonga skeleton (Crypt:3)
  A rime drake skeleton (Crypt:2)
  6 earth elementals
  A wyvern zombie (D:12)
  A glowing shapeshifter simulacrum (Vaults:5)
  A cane toad simulacrum (Hell)
  A gnoll sergeant (Orc:1)
  A wyvern skeleton (D:14)
  7 scorpions
  34 killer bees
  39 wights
  8 electric eels
  2 lava snakes
  8 crimson imps
  A draconian simulacrum (IceCv)
  2 bullfrog zombies
  4 centaur zombies
  8 hounds
  2 quasits
  3 human simulacra
  3 jellies
  35 orc wizards
  23 orc priests
  10 centaur skeletons
  A basilisk zombie (Crypt:3)
  5 bullfrog skeletons
  A gnoll shaman (Orc:2)
  2 iguanas
  42 iron imps
  6 worker ants
  6 hell rats (Hell)
  A spriggan simulacrum (IceCv)
  A troll simulacrum (IceCv)
  An acid dragon zombie (Crypt:1)
  2 big kobold zombies (Ossuary)
  A felid zombie (Crypt:3)
  A naga zombie (Dis:1)
  2 ogre zombies
  3 centaur simulacra (IceCv)
  A demigod skeleton (Crypt:1)
  2 felid skeletons
  A hound zombie (D:9)
  A hound skeleton (D:6)
  25 mummies
  18 gnolls
  A howler monkey skeleton (D:9)
  12 adders
  3 naga simulacra (IceCv)
  An ogre simulacrum (IceCv)
  8 shadow imps
  10 white imps
  5 ufetubi
  2 oozes (D:2)
  3 adder zombies
  An adder skeleton (D:4)
  9 worms
  A barachi skeleton (Crypt:1)
  6 dart slugs
  9 leopard geckos
  81 orcs
  A ball python (D:1)
  10 giant cockroaches
  3 goblins
  3 hobgoblins
  8 jackals
  22 kobolds
  7 quokkas
  A ball python skeleton (Crypt:2)
  5 bats
  6 frilled lizards
  A frilled lizard skeleton (Crypt:2)
  2 gnoll zombies (Ossuary)
  3 hobgoblin zombies (Ossuary)
  A jackal zombie (D:9)
  A leopard gecko zombie (D:6)
  An orc zombie (Ossuary)
  18 rats
  8 briar patches
  3 bushes (D:13)
  2 butterflies
  A crawling corpse (Elf:3)
  2 lurking horrors
  13 starspawn tentacles
3878 creatures vanquished.

Vanquished Creatures (collateral kills)
  A Hell Sentinel (Dis:7)
  An iron dragon (Dis:7)
  A reaper (Dis:7)
  An eidolon (Zig:10)
  A two-headed ogre (Orc:2)
  A flayed ghost (Zig:10)
  A hellion (Zig:14)
  An orc warrior (Orc:2)
  An iron imp (Dis:7)
  An orc wizard (Orc:2)
10 creatures vanquished.

Vanquished Creatures (others)
  A blood saint (WizLab)
  A rakshasa (Depths:5)
  A hell hog (Dis:1)
  A hell knight (Depths:2)
  A soul eater (Hell)
  A deep elf knight (Elf:2)
  A shadow wraith (Zig:11)
  A swamp dragon (Swamp:4)
  A jumping spider (Spider:3)
  A queen bee (Spider:4)
  A hornet (Zig:13)
  A dream sheep (shapeshifter) (Elf:3)
  A shadow (Zig:14)
  A chaos spawn (Abyss:3)
  2 humans (D:12)
  A cane toad zombie (Hell)
  A swamp drake (Swamp:4)
  A small abomination (Abyss:5)
  An iron imp (Depths:3)
  A hell rat (Hell)
  An orc wizard (D:12)
  2 orcs
  A briar patch (Swamp:3)
  2 bushes
  35 fungi
  2 lurking horrors
  126 plants
  27 starspawn tentacles
  4 tentacles (Hell)
221 creatures vanquished.

Grand Total: 4109 creatures vanquished

Notes
Turn   | Place    | Note
-------+----------+-------------------------------------------
     0 | D:1      | tasumai the Gargoyle Berserker began the quest for the Orb.
     0 | D:1      | Reached XP level 1. HP: 14/14 MP: 1/1
   155 | D:1      | Reached XP level 2. HP: 11/19 MP: 2/2
   848 | D:1      | Reached XP level 3. HP: 13/24 MP: 3/3
  1340 | D:2      | Reached ** piety under Trog
  1804 | D:2      | Reached XP level 4. HP: 16/29 MP: 4/4
  1955 | D:2      | Reached skill level 1 in Stealth
  2161 | D:2      | Found a burning altar of Makhleb.
  2328 | D:2      | Reached XP level 5. HP: 33/33 MP: 5/5
  2775 | D:3      | Found a snail-covered altar of Cheibriados.
  3336 | D:4      | Reached *** piety under Trog
  3336 | D:4      | Reached XP level 6. HP: 20/39 MP: 6/6
  3664 | D:4      | Found an iron altar of Okawaru.
  3698 | D:4      | Got a bloodstained mace
  3699 | D:4      | Identified the +1 mace "Giant's Undoing" {speed, Dex+5}
                  | (You found it on level 4 of the Dungeon)
  3714 | D:4      | Noticed a phantom
  3755 | D:4      | Killed a phantom
  3982 | D:4      | Reached skill level 1 in Maces & Flails
  3982 | D:4      | Reached XP level 7. HP: 36/44 MP: 7/7
  3990 | D:4      | Reached skill level 5 in Long Blades
  4231 | D:5      | Entered Level 5 of the Dungeon
  4249 | D:5      | Found Moarhulu's Antique Armour Shoppe.
  4613 | D:5      | Got a bloodstained war axe
  4614 | D:5      | Identified the +9 war axe "Kiugarghi" {flame, Dex+2} (You
                  | found it on level 5 of the Dungeon)
  4919 | D:5      | Bought a glowing chain mail for 255 gold pieces
  5018 | D:6      | Found a sand-covered staircase.
  5033 | Ossuary  | Entered an ossuary
  5057 | Ossuary  | Reached **** piety under Trog
  5057 | Ossuary  | Reached XP level 8. HP: 42/48 MP: 8/8
  5067 | Ossuary  | Reached skill level 5 in Fighting
  5276 | D:6      | Reached skill level 1 in Axes
  5499 | D:6      | Found a white marble altar of Elyvilon.
  5775 | D:6      | Reached skill level 5 in Axes
  5781 | D:6      | Reached XP level 9. HP: 53/55 MP: 9/9
  6196 | D:7      | Found a shimmering altar of Xom.
  6196 | D:7      | Noticed a deep elf mage
  6196 | D:7      | Noticed a deep elf mage
  6202 | D:7      | Killed a deep elf mage
  6202 | D:7      | Reached skill level 5 in Armour
  6221 | D:7      | Killed a deep elf mage
  6370 | D:7      | Reached ***** piety under Trog
  6373 | D:7      | Found a staircase to the Ecumenical Temple.
  6560 | D:7      | Found a hide-covered altar of Uskayaw.
  6643 | D:7      | Found Sigooxo's Book Shoppe.
  6732 | D:7      | Found a shadowy altar of Dithmenos.
  6851 | D:7      | Found a sacrificial altar of Ru.
  6947 | D:8      | Reached XP level 10. HP: 61/61 MP: 10/10
  7097 | D:8      | Noticed a moth of wrath
  7100 | D:8      | Found a bloodstained altar of Trog.
  7351 | D:8      | Noticed an unseen horror
  7358 | D:8      | Killed an unseen horror
  7358 | D:8      | Reached skill level 1 in Evocations
  7736 | D:5      | Bought a helmet for 153 gold pieces
  7825 | D:8      | You fall into a shaft and drop 1 floor!
  8081 | D:9      | Noticed a two-headed ogre
  8093 | D:9      | Killed a two-headed ogre
  8093 | D:9      | Reached skill level 10 in Axes
  8494 | D:9      | Found Adoi's Book Shoppe.
  8559 | D:9      | Found a sparkling altar of Nemelex Xobeh.
  8599 | D:9      | Reached XP level 11. HP: 68/68 MP: 11/11
  8803 | D:9      | Identified a scroll of acquirement
  8805 | D:10     | Entered Level 10 of the Dungeon
  9082 | D:10     | Noticed Joseph
  9083 | D:10     | Found a staircase to the Lair.
  9105 | D:10     | Killed Joseph
  9140 | D:10     | Reached skill level 1 in Shields
  9158 | D:10     | Reached ****** piety under Trog
  9158 | D:10     | Received a gift from Trog
  9737 | D:11     | Noticed a cyclops
  9750 | D:11     | Killed a cyclops
  9851 | D:11     | Noticed Snorg
  9855 | D:11     | Noticed a red ugly thing
  9862 | D:11     | Killed Snorg
  9866 | D:11     | Killed a red ugly thing
 10133 | D:11     | Noticed a deep elf mage
 10142 | D:11     | Killed a deep elf mage
 10594 | D:11     | Noticed a manticore
 10604 | D:11     | Killed a manticore
 10604 | D:11     | Reached XP level 12. HP: 74/76 MP: 12/12
 10788 | D:11     | You fall into a shaft and drop 2 floors!
 10827 | D:13     | Found Aggeo's Changing Room.
 10836 | D:13     | Bought a potion of mutation for 112 gold pieces
 11278 | D:13     | Gained mutation: Your large and strong wings let you fly
                  | indefinitely. [potion of mutation]
 11278 | D:13     | Gained mutation: You have a pair of small horns on your
                  | head. [potion of mutation]
 11279 | D:13     | Lost mutation: You have a pair of small horns on your head.
                  | [potion of mutation]
 11279 | D:13     | Lost mutation: Your large and strong wings let you fly
                  | indefinitely. [potion of mutation]
 11279 | D:13     | Gained mutation: You are somewhat resistant to further
                  | mutation. [potion of mutation]
 11279 | D:13     | Gained mutation: You passively map a small area around you.
                  | [potion of mutation]
 11280 | D:13     | Lost mutation: You are somewhat resistant to further
                  | mutation. [potion of mutation]
 11280 | D:13     | Lost mutation: You passively map a small area around you.
                  | [potion of mutation]
 11280 | D:13     | Gained mutation: You are weak. (Str -2) [potion of
                  | mutation]
 11280 | D:13     | Gained mutation: You are very weak. (Str -4) [potion of
                  | mutation]
 11280 | D:13     | Gained mutation: You are resistant to hostile enchantments.
                  | (MR+) [potion of mutation]
 11593 | D:13     | Identified the +7 mace of Ricotriv {vorpal, +Blink rPois
                  | rN+}
 11911 | D:13     | Noticed a soul eater
 12818 | D:12     | Received a gift from Trog
 13061 | D:12     | Noticed Kirke
 13065 | D:12     | Noticed a sphinx
 13082 | D:12     | Killed Kirke
 13082 | D:12     | Reached skill level 10 in Fighting
 13642 | D:12     | Found a staircase to the Orcish Mines.
 13815 | D:12     | Reached XP level 13. HP: 83/83 MP: 13/13
 14077 | D:14     | Reached skill level 5 in Shields
 14349 | D:14     | Found a gate to the Vaults.
 14407 | D:14     | Reached skill level 10 in Armour
 14413 | D:14     | Received a gift from Trog
 14978 | D:14     | Lost mutation: You are very weak. (Str -4) [potion of
                  | mutation]
 14978 | D:14     | Lost mutation: You are weak. (Str -2) [potion of mutation]
 14978 | D:14     | Gained mutation: You are partially covered in icy blue
                  | scales. (AC +2) [potion of mutation]
 14978 | D:14     | Gained mutation: You are partially covered in large bone
                  | plates. (SH +4) [potion of mutation]
 14978 | D:14     | Gained mutation: You are agile. (Dex +2) [potion of
                  | mutation]
 15355 | D:14     | Acquired the +1 pair of boots of Foolhardiness {Str+7
                  | Dex-5}
 15370 | D:15     | Entered Level 15 of the Dungeon
 15417 | D:15     | Noticed a rakshasa
 15634 | D:15     | Found a shimmering blue altar of Sif Muna.
 16228 | D:15     | Found a staircase to the Depths.
 16228 | D:15     | Noticed a dire elephant
 16245 | D:15     | Killed a dire elephant
 16245 | D:15     | Gained mutation: Your large and strong wings let you fly
                  | indefinitely. [Gargoyle growth]
 16245 | D:15     | Reached XP level 14. HP: 71/91 MP: 14/14
 16656 | Depths:1 | Entered Level 1 of the Depths
 16656 | Depths:1 | Found the cursed necklace of Bloodlust {*Rage +Rage MR++
                  | Int-3 Slay+6 *Curse}
 16876 | Lair:1   | Entered Level 1 of the Lair of Beasts
 16894 | Lair:1   | Acquired the amulet "Ubig" {+Inv rF+++ Regen+ Int-5 Slay+4}
 16908 | Lair:1   | Noticed Sonja
 16927 | Lair:1   | Killed Sonja
 16927 | Lair:1   | Received a gift from Trog
 17041 | Lair:1   | Found a runed translucent door.
 17062 | Lair:1   | Got a smouldering whip
 17073 | Lair:1   | Identified the +4 whip of the Unspeakable One {vorpal,
                  | Int+2} (You found it on level 1 of the Lair of Beasts)
 17119 | Lair:1   | Got a fine brass ring
 17127 | Lair:1   | Identified the ring of Xom's Full Attention {rElec rC+++
                  | Str+5 Dex-2 SInv} (You found it on level 1 of the Lair of
                  | Beasts)
 17402 | Lair:1   | Reached skill level 15 in Axes
 18570 | Lair:2   | Received a gift from Trog
 18582 | Lair:2   | Got a transparent dire flail
 18601 | Lair:2   | Identified the cursed +1 dire flail "Rintek" {flame, Int+4}
                  | (You found it on level 2 of the Lair of Beasts)
 18829 | Lair:3   | Found a transporter.
 18840 | Lair:3   | Identified the +7 trident "Yggoeno" {holy, rC+ MR+}
 18841 | Lair:3   | Identified the cursed +1 demon trident "Epni" {vorpal,
                  | rPois Str+4}
 18841 | Lair:3   | Noticed jr88keys's ghost (adept GrFi)
 18842 | Lair:3   | Found a bloodstained altar of Trog.
 18850 | Lair:3   | Found a transporter.
 18866 | Lair:3   | Killed jr88keys's ghost
 18944 | Lair:3   | Reached XP level 15. HP: 97/97 MP: 15/15
 19060 | Lair:3   | Found a hole to the Spider Nest.
 19599 | Lair:4   | Received a gift from Trog
 19602 | Lair:4   | Got a jewelled broad axe {god gift}
 19603 | Lair:4   | Identified the +10 broad axe "Vookk" {vorpal, rF+ rN+
                  | Int+2} (Trog gifted it to you on level 4 of the Lair of
                  | Beasts)
 20170 | Lair:4   | Found a staircase to the Swamp.
 20749 | Lair:5   | Found a runed translucent door.
 20749 | Lair:5   | Found a viscous altar of Jiyva.
 20749 | Lair:5   | Found a staircase to the Slime Pits.
 20749 | Lair:5   | Noticed an azure jelly
 20749 | Lair:5   | Noticed an azure jelly
 20763 | Lair:5   | Killed an azure jelly
 20766 | Lair:5   | Killed an azure jelly
 20900 | Lair:5   | Received a gift from Trog
 21260 | Lair:6   | Entered Level 6 of the Lair of Beasts
 21269 | Lair:6   | Reached skill level 10 in Shields
 21525 | Lair:6   | Reached XP level 16. HP: 102/105 MP: 16/16
 21571 | Lair:6   | Received a gift from Trog
 22013 | Lair:6   | Found a runed translucent door.
 22876 | Orc:1    | Entered Level 1 of the Orcish Mines
 22929 | Orc:1    | Received a gift from Trog
 23116 | Orc:1    | Found a roughly hewn altar of Beogh.
 23305 | Orc:2    | Entered Level 2 of the Orcish Mines
 23445 | Orc:2    | Received a gift from Trog
 23464 | Orc:2    | Found a frozen archway.
 23507 | IceCv    | Entered an ice cave
 23679 | IceCv    | Got a jewelled scale mail
 23853 | IceCv    | Identified the +8 scale mail of Incorporation {Int+3} (You
                  | found it in an ice cave)
 24142 | Orc:2    | Found Wunodgh's Magic Scroll Shoppe.
 24142 | Orc:2    | Found Ukhlucs's Gadget Boutique.
 24167 | Orc:2    | Found Efok's Distillery.
 24167 | Orc:2    | Found Qolao's Weapon Boutique.
 24175 | Orc:2    | Bought a potion of mutation for 120 gold pieces
 24243 | Orc:2    | Received a gift from Trog
 24358 | Orc:2    | Found a staircase to the Elven Halls.
 24431 | Orc:2    | Noticed Saint Roka
 24438 | Orc:2    | Reached XP level 17. HP: 96/112 MP: 17/17
 24455 | Orc:2    | Killed Saint Roka
 25092 | Spider:1 | Entered Level 1 of the Spider Nest
 25093 | Spider:1 | Lost mutation: You are resistant to hostile enchantments.
                  | (MR+) [potion of mutation]
 25093 | Spider:1 | Gained mutation: You evolve. [potion of mutation]
 25093 | Spider:1 | Lost mutation: You are partially covered in icy blue
                  | scales. (AC +2) [potion of mutation]
 25093 | Spider:1 | Gained mutation: You possess an exceptional clarity of
                  | mind. [potion of mutation]
 25093 | Spider:1 | Gained mutation: You have sharp toenails. [potion of
                  | mutation]
 25388 | Spider:1 | Got an iridescent mace
 25389 | Spider:1 | Identified the +3 mace of Seic {antimagic, rF++ Str+4} (You
                  | found it on level 1 of the Spider Nest)
 25408 | Spider:1 | Reached skill level 15 in Fighting
 26220 | Spider:2 | Found a runed translucent gate.
 26221 | Spider:2 | Found a runed translucent gate.
 26266 | Spider:2 | Found a runed translucent gate.
 26268 | Spider:2 | Noticed Cumifues's ghost (journeyman MiMo)
 26292 | Spider:2 | Killed Cumifues's ghost
 26301 | Spider:2 | Noticed an Executioner
 26305 | Spider:2 | Killed an Executioner
 26318 | Spider:2 | Got a pair of translucent boots
 26329 | Spider:2 | Identified the -2 pair of boots "Nezifoibb" {+Fly Str-4
                  | Int+3 Stlth+} (You found it on level 2 of the Spider Nest)
 26619 | Spider:3 | Received a gift from Trog
 27084 | Spider:4 | Entered Level 4 of the Spider Nest
 27106 | Spider:4 | Reached skill level 5 in Dodging
 27463 | Spider:4 | Reached XP level 18. HP: 116/120 MP: 18/18
 27660 | Spider:4 | Received a gift from Trog
 27718 | Spider:4 | Noticed Arachne
 27731 | Spider:4 | Killed Arachne
 28002 | Spider:4 | Got a gossamer rune of Zot
 28276 | Swamp:1  | Entered Level 1 of the Swamp
 28456 | Swamp:1  | Received a gift from Trog
 29106 | Swamp:2  | Acquired 721 gold pieces
 29287 | Swamp:2  | Found a runed translucent door.
 29288 | Swamp:2  | Noticed snackwell's ghost (journeyman TeSu)
 29349 | Swamp:2  | Killed snackwell's ghost
 29353 | Swamp:2  | Got a crude tin ring
 29360 | Swamp:2  | Identified the ring "Feuxoj" {Wiz *Contam rElec rPois rC++}
                  | (You found it on level 2 of the Swamp)
 29361 | Swamp:2  | Gained mutation: You occasionally shout uncontrollably at
                  | your foes. [mutagenic glow]
 30206 | Swamp:4  | Entered Level 4 of the Swamp
 30220 | Swamp:4  | Reached XP level 19. HP: 126/127 MP: 19/19
 30220 | Swamp:4  | Reached skill level 15 in Shields
 30400 | Swamp:4  | Received a gift from Trog
 30829 | Swamp:4  | Found a basalt altar of Yredelemnul.
 31220 | Swamp:4  | Found a blossoming altar of Fedhas.
 31380 | Swamp:4  | Got a decaying rune of Zot
 31878 | Elf:1    | Entered Level 1 of the Elven Halls
 31907 | Elf:1    | Received a gift from Trog
 31928 | Elf:1    | Found a radiant altar of Vehumet.
 32384 | Elf:1    | Received a gift from Trog
 32897 | Elf:2    | Found a magical portal.
 32901 | WizLab   | Entered The Hall of the Hellbinder
 32925 | WizLab   | Reached XP level 20. HP: 136/136 MP: 20/20
 32982 | WizLab   | Lost mutation: You are agile. (Dex +2) [evolution]
 33148 | WizLab   | Noticed Metenul
 33173 | WizLab   | Found a burning altar of Makhleb.
 33186 | WizLab   | Killed Metenul the Hellbinder
 33199 | WizLab   | Got an ancient cloak
 33202 | WizLab   | Got a slimy amber ring
 33207 | WizLab   | Identified Mnoleg's Guide on Summoning
 33278 | WizLab   | Identified the cursed +0 cloak "Kieda" {*Contam rC+ rCorr
                  | Stlth+} (You found it in a wizard's laboratory)
 33332 | WizLab   | Identified the Almanac of Summoning
 33491 | Elf:2    | Identified the ring "Fafasaazuf" {rN+++ MP-9 Str-5 Dex+3
                  | SInv} (You found it in a wizard's laboratory)
 33614 | Elf:2    | Found Juaxihus's Assorted Antiques.
 33617 | Elf:2    | Bought 2 potions of cancellation for 288 gold pieces
 33641 | Elf:2    | Received a gift from Trog
 33745 | Elf:2    | Found an ancient bone altar of Kikubaaqudgha.
 34108 | Elf:2    | Found a runed translucent gate.
 34118 | Elf:2    | Found a runed translucent gate.
 34118 | Elf:2    | Found a runed translucent gate.
 34148 | Elf:2    | Received a gift from Trog
 34600 | Elf:2    | Bought an onyx ring for 90 gold pieces
 34618 | Elf:3    | Entered Level 3 of the Elven Halls
 34892 | Elf:3    | Noticed a Tzitzimitl
 35271 | Elf:3    | Identified the ring of Sijiup {Fire rPois rN+ Int+3 Dex-5}
 35278 | Elf:3    | Identified the amulet "Hups" {Acrobat Str+9 Int+8}
 35278 | Elf:3    | Identified the +11 dire flail "Eroseode" {flame, rF+ SInv
                  | Stlth+}
 35278 | Elf:3    | Identified the ring of Nuegh {rElec rF+ MR+ Dex+2}
 35279 | Elf:3    | Identified the +2 spear of Hefox {holy, rElec}
 35423 | Elf:3    | Identified the Guide on Scorching Feathers
 35458 | Elf:3    | Received a gift from Trog
 35706 | Elf:3    | Identified the +11 dagger "Fuclo Rezxom" {distort, *Drain
                  | rPois Str+8 Stlth+}
 35708 | Elf:3    | Reached XP level 21. HP: 120/142 MP: 21/21
 35712 | Elf:3    | Identified the ring "Jopiam" {Fire rElec rPois rN+ MR+}
 35726 | Elf:3    | Identified the +4 robe of Purpose {Harm rC+ SInv}
 35943 | Elf:3    | Cast into level 3 of the Abyss (a deep elf sorcerer)
 36004 | Abyss:4  | Found a corrupted altar of Lugonu.
 36079 | Abyss:4  | Lost mutation: You have sharp toenails. [potion of
                  | mutation]
 36079 | Abyss:4  | Lost mutation: You possess an exceptional clarity of mind.
                  | [potion of mutation]
 36079 | Abyss:4  | Gained mutation: You are robust. (+10% HP) [potion of
                  | mutation]
 36079 | Abyss:4  | Gained mutation: You have supernaturally acute eyesight.
                  | (SInv) [potion of mutation]
 36080 | Abyss:4  | Lost mutation: You are robust. (+10% HP) [potion of
                  | mutation]
 36080 | Abyss:4  | Lost mutation: You are partially covered in large bone
                  | plates. (SH +4) [potion of mutation]
 36080 | Abyss:4  | Lost mutation: You occasionally shout uncontrollably at
                  | your foes. [potion of mutation]
 36080 | Abyss:4  | Gained mutation: You have sharp toenails. [potion of
                  | mutation]
 36081 | Abyss:4  | Lost mutation: You have supernaturally acute eyesight.
                  | (SInv) [potion of mutation]
 36081 | Abyss:4  | Lost mutation: You have sharp toenails. [potion of
                  | mutation]
 36081 | Abyss:4  | Gained mutation: You have a pair of small antennae on your
                  | head. [potion of mutation]
 36081 | Abyss:4  | Gained mutation: You are frail. (-10% HP) [potion of
                  | mutation]
 36081 | Abyss:4  | Gained mutation: You have a somewhat thin skeletal
                  | structure. (Dex +2, Stealth) [potion of mutation]
 36082 | Abyss:4  | Lost mutation: You are frail. (-10% HP) [potion of
                  | mutation]
 36082 | Abyss:4  | Gained mutation: You rapidly evolve. [potion of mutation]
 36088 | Abyss:4  | Lost mutation: You have a pair of small antennae on your
                  | head. [potion of mutation]
 36088 | Abyss:4  | Lost mutation: You rapidly evolve. [potion of mutation]
 36088 | Abyss:4  | Lost mutation: You evolve. [potion of mutation]
 36088 | Abyss:4  | Gained mutation: Scrolls take you a little longer to read.
                  | [potion of mutation]
 36088 | Abyss:4  | Gained mutation: You are robust. (+10% HP) [potion of
                  | mutation]
 36094 | Abyss:4  | Lost mutation: You are robust. (+10% HP) [potion of
                  | mutation]
 36094 | Abyss:4  | Lost mutation: Scrolls take you a little longer to read.
                  | [potion of mutation]
 36094 | Abyss:4  | Lost mutation: You have a somewhat thin skeletal structure.
                  | (Dex +2, Stealth) [potion of mutation]
 36094 | Abyss:4  | Gained mutation: You are covered in fur. (AC +1) [potion of
                  | mutation]
 36094 | Abyss:4  | Gained mutation: You are weak. (Str -2) [potion of
                  | mutation]
 36094 | Abyss:4  | Gained mutation: Your mind is acute. (Int +2) [potion of
                  | mutation]
 36174 | Abyss:4  | Noticed a bone dragon
 36196 | Abyss:4  | Killed a bone dragon
 36203 | Abyss:4  | Received a gift from Trog
 36235 | Abyss:4  | Noticed a profane servitor
 36246 | Abyss:4  | Killed a profane servitor
 36280 | Abyss:4  | Noticed a bone dragon
 36282 | Abyss:5  | Entered Level 5 of the Abyss
 36382 | Abyss:5  | HP: 7/143 [smoke demon/divine providence (17)]
 36383 | Abyss:5  | Found a corrupted altar of Lugonu.
 36579 | Abyss:5  | Found a corrupted altar of Lugonu.
 36595 | Abyss:5  | Noticed a profane servitor
 36614 | Abyss:5  | Killed a profane servitor
 36681 | Elf:3    | Escaped the Abyss
 36687 | Elf:3    | Received a gift from Trog
 37130 | Elf:3    | Identified the Handbook of Sinister Rites and the Escort
 37166 | Elf:3    | Identified the Papyrus of Toxins and Battle Magic
 37437 | Elf:3    | Identified the Compendium of Indecent Exposure
 37843 | Vaults:1 | Entered Level 1 of the Vaults
 37880 | Vaults:1 | Reached XP level 22. HP: 116/150 MP: 22/22
 38008 | Vaults:1 | Found Oteulethra's Assorted Antiques.
 38016 | Vaults:1 | Bought a potion of curing for 105 gold pieces
 38016 | Vaults:1 | Bought a scroll of teleportation for 105 gold pieces
 38949 | Vaults:2 | Received a gift from Trog
 39186 | Vaults:2 | Noticed Donald
 39196 | Vaults:2 | Killed Donald
 39518 | Vaults:2 | Noticed Sojobo
 39569 | Vaults:2 | Killed Sojobo
 39624 | Vaults:2 | Received a gift from Trog
 39654 | Vaults:2 | Paralysed by a great orb of eyes for 3 turns
 39828 | Vaults:2 | Noticed Jory
 39842 | Vaults:2 | Killed Jory
 39975 | Vaults:2 | Got an encrusted spear
 39984 | Vaults:2 | Identified the +6 spear of False Accusations {drain, +Fly
                  | rElec Str+2} (You found it on level 2 of the Vaults)
 40378 | Vaults:3 | Found a staircase to the Crypt.
 40385 | Vaults:3 | Received a gift from Trog
 40393 | Vaults:3 | Reached XP level 23. HP: 158/158 MP: 23/23
 40528 | Vaults:3 | Noticed Margery
 40542 | Vaults:3 | Killed Margery
 40548 | Vaults:3 | Received a gift from Trog
 40604 | Vaults:3 | Noticed Mennas
 40629 | Vaults:3 | Killed Mennas
 40941 | Vaults:3 | Found a blossoming altar of Fedhas.
 41520 | Vaults:4 | Received a gift from Trog
 41553 | Vaults:4 | Got an ancient broad axe {god gift}
 41554 | Vaults:4 | Identified the +4 broad axe "Nivval" {vorpal, rPois rF- rN+
                  | Str+4} (Trog gifted it to you on level 4 of the Vaults)
 41591 | Vaults:4 | Found Xuj Dost's Gadget Emporium.
 42157 | Vaults:4 | Reached XP level 24. HP: 142/166 MP: 23/23
 42162 | Vaults:4 | Received a gift from Trog
 42668 | Vaults:5 | Entered Level 5 of the Vaults
 42691 | Vaults:5 | Reached skill level 15 in Armour
 42701 | Vaults:5 | Received a gift from Trog
 42703 | Vaults:5 | Noticed an ancient lich
 42725 | Vaults:5 | Cast into level 5 of the Abyss (an ancient lich)
 42725 | Abyss:5  | Entered Level 5 of the Abyss
 43163 | Vaults:5 | Escaped the Abyss
 43171 | Vaults:5 | Killed an ancient lich
 43178 | Vaults:5 | Identified the +4 quarterstaff of Fedhas {speed, Dex+3}
 43192 | Vaults:5 | Noticed Boris
 43216 | Vaults:5 | Received a gift from Trog
 43220 | Vaults:5 | Killed Boris
 43226 | Vaults:5 | Reached XP level 25. HP: 95/173 MP: 18/23
 43405 | Vaults:5 | Identified the Volume of Necromancy and the Blaze
 43521 | Vaults:5 | Found Dabrep's Jewellery Shoppe.
 43536 | Vaults:5 | Got a transparent mace
 43537 | Vaults:5 | Identified the +9 mace of Amiprull {speed, rElec Str+6}
                  | (You found it on level 5 of the Vaults)
 43696 | Vaults:5 | Received a gift from Trog
 43730 | Vaults:5 | Identified the +7 broad axe of Extremism {venom, rElec
                  | Int+3}
 43737 | Vaults:5 | Identified the +11 morningstar of Disarray {antimagic,
                  | rElec Str+2 Stlth+}
 43780 | Vaults:5 | Got a shimmering wooden ring
 43782 | Vaults:5 | Identified the ring of Unemoeh {rF+ MR+} (You found it on
                  | level 5 of the Vaults)
 44086 | Vaults:5 | Got a silver rune of Zot
 44287 | Vaults:5 | Received a gift from Trog
 44819 | Crypt:1  | Entered Level 1 of the Crypt
 45119 | Crypt:1  | Received a gift from Trog
 45696 | Crypt:2  | Reached XP level 26. HP: 176/182 MP: 23/23
 45902 | Crypt:2  | Received a gift from Trog
 46421 | Crypt:3  | Entered Level 3 of the Crypt
 46690 | Crypt:3  | Noticed an ancient lich
 46699 | Crypt:3  | Killed an ancient lich
 46979 | Crypt:3  | Noticed an ancient lich
 46979 | Crypt:3  | Noticed an ancient lich
 47017 | Crypt:3  | Received a gift from Trog
 47026 | Crypt:3  | Killed an ancient lich
 47053 | Crypt:3  | Killed an ancient lich
 47077 | Crypt:3  | Got a bloodstained war axe {god gift}
 47078 | Crypt:3  | Identified the +3 war axe "Suelotte" {vorpal, rF+ Dex+5}
                  | (Trog gifted it to you on level 3 of the Crypt)
 47334 | Crypt:3  | Found a staircase to the Tomb.
 48048 | Depths:1 | Found a one-way gate to the infinite horrors of the Abyss.
 48092 | Depths:1 | Found a gateway to Hell.
 48311 | Depths:1 | Found a one-way gate leading to the halls of Pandemonium.
 48367 | Depths:1 | Found a glowing golden altar of the Shining One.
 48470 | Depths:1 | Received a gift from Trog
 48672 | Depths:2 | Reached XP level 27. HP: 189/189 MP: 23/23
 49174 | Depths:2 | Found Raruin's Gadget Emporium.
 49404 | Depths:2 | Received a gift from Trog
 49408 | Depths:2 | Identified the +6 lajatang of Eternal Vigilance {vamp, rN+
                  | Dex+2}
 49422 | Depths:2 | Got a pitted long sword {god gift}
 49423 | Depths:2 | Identified the +6 long sword of Utrej {vorpal, rF- rC+ rN+
                  | Dex+2} (Trog gifted it to you on level 2 of the Depths)
 49464 | Depths:2 | Noticed a juggernaut
 49477 | Depths:2 | Killed a juggernaut
 49543 | Depths:2 | Got a sapphire triple sword
 49558 | Depths:2 | Identified the +4 triple sword "Cotsoeh" {vorpal, Str+4}
                  | (You found it on level 2 of the Depths)
 49829 | Depths:2 | Acquired 458 gold pieces
 50116 | Depths:3 | Paralysed by a great orb of eyes for 5 turns
 50273 | Depths:3 | Found a gateway to a ziggurat.
 50354 | Depths:3 | Found a large runed translucent door.
 50354 | Depths:3 | Found a large runed translucent door.
 50356 | Depths:3 | Noticed Biocos's ghost (adept HaHu)
 50376 | Depths:3 | Killed Biocos's ghost
 50382 | Depths:3 | Got an ichor-stained mace
 50383 | Depths:3 | Identified the +5 mace of Destiny {antimagic, Str+2} (You
                  | found it on level 3 of the Depths)
 50488 | Depths:3 | Found a corrupted altar of Lugonu.
 50490 | Depths:3 | Found a transporter.
 50672 | Depths:3 | Received a gift from Trog
 50774 | Depths:3 | Acquired 881 gold pieces
 50809 | Depths:3 | Got an iridescent scythe
 50812 | Depths:3 | Identified the cursed +1 scythe of Chance {venom, rElec rN+
                  | Int+2 SInv Stlth+} (You found it on level 3 of the Depths)
 51013 | Depths:3 | Found a transporter.
 51316 | Depths:3 | Paralysed by accursed screaming for 2 turns
 51436 | Depths:3 | Got a glittering glass ring
 51460 | Depths:3 | Identified the ring of Irug {Str+3 Int+4 SInv} (You found
                  | it on level 3 of the Depths)
 51939 | Depths:4 | You are sucked into a shaft and drop 1 floor!
 51939 | Depths:5 | Entered Level 5 of the Depths
 51966 | Depths:5 | Noticed Frederick
 51973 | Depths:5 | Killed Frederick
 52030 | Depths:5 | Received a gift from Trog
 52149 | Depths:5 | Found a gate to the Realm of Zot.
 52692 | Depths:5 | Found a transporter.
 52703 | Depths:5 | Found a transporter.
 52705 | Depths:5 | Noticed an ancient lich
 52706 | Depths:5 | Noticed miscthings's ghost (adept KoBe)
 52927 | Depths:5 | Identified the +7 morningstar "Jetruomm" {distort, rPois
                  | rN+ Dex+4 SInv}
 52957 | Depths:5 | Killed miscthings's ghost
 52963 | Depths:5 | Killed an ancient lich
 52968 | Depths:5 | Gained mutation: Your body sometimes deteriorates upon
                  | taking damage. [a cacodemon]
 53243 | Depths:4 | Received a gift from Trog
 53565 | Hell     | Entered the Vestibule of Hell
 53565 | Hell     | Noticed Geryon
 53600 | Hell     | Killed Geryon
 53604 | Hell     | Noticed Murray
 53637 | Hell     | Killed Murray
 53813 | Hell     | Found a gateway to the Iron City of Dis.
 54121 | Hell     | Found a gateway to the ashen valley of Gehenna.
 54181 | Hell     | Found a gateway to the freezing wastes of Cocytus.
 54196 | Hell     | Received a gift from Trog
 54375 | Hell     | Found a gateway to the decaying netherworld of Tartarus.
 54521 | Dis:1    | Entered Level 1 of the Iron City of Dis
 54751 | Dis:1    | Lost mutation: Your mind is acute. (Int +2) [potion of
                  | mutation]
 54751 | Dis:1    | Lost mutation: Your body sometimes deteriorates upon taking
                  | damage. [potion of mutation]
 54751 | Dis:1    | Lost mutation: You are weak. (Str -2) [potion of mutation]
 54751 | Dis:1    | Lost mutation: You are covered in fur. (AC +1) [potion of
                  | mutation]
 54751 | Dis:1    | Gained mutation: You are partially covered in molten
                  | scales. (AC +2) [potion of mutation]
 54751 | Dis:1    | Gained mutation: Your mind is acute. (Int +2) [potion of
                  | mutation]
 54814 | Dis:1    | Received a gift from Trog
 55362 | Dis:1    | Reached skill level 27 in Shields
 55596 | Dis:2    | Received a gift from Trog
 55968 | Dis:2    | Received a gift from Trog
 56883 | Dis:2    | Received a gift from Trog
 57788 | Dis:3    | Received a gift from Trog
 58231 | Dis:4    | Reached skill level 27 in Fighting
 58537 | Dis:4    | Received a gift from Trog
 59370 | Dis:5    | Received a gift from Trog
 59983 | Dis:5    | Reached skill level 27 in Axes
 60112 | Dis:5    | Cast into level 3 of the Abyss (a lich)
 60236 | Abyss:3  | Found an opulent altar of Gozag.
 60299 | Abyss:3  | Noticed an ancient lich
 60305 | Abyss:3  | Received a gift from Trog
 60310 | Abyss:3  | Killed an ancient lich
 60327 | Dis:5    | Escaped the Abyss
 61220 | Dis:6    | Received a gift from Trog
 62055 | Dis:7    | Entered Level 7 of the Iron City of Dis
 62213 | Dis:7    | Received a gift from Trog
 62853 | Dis:7    | Received a gift from Trog
 62862 | Dis:7    | Identified the +4 staff of Dispater
 62862 | Dis:7    | Noticed Dispater
 63231 | Dis:7    | Reached skill level 10 in Dodging
 63615 | Dis:7    | HP: 9/199 [Hell Sentinel/iron shot (73)]
 64049 | Dis:7    | Received a gift from Trog
 64883 | Dis:7    | Killed Dispater
 65081 | Dis:7    | Got an iron rune of Zot
 65369 | Zig:1    | Entered Level 1 of a ziggurat
 65388 | Zig:2    | Entered Level 2 of a ziggurat
 65423 | Zig:3    | Entered Level 3 of a ziggurat
 65436 | Zig:3    | Cast into level 3 of the Abyss (+2 war axe of distortion)
 65673 | Abyss:3  | Gained mutation: Your spells are a little easier to cast,
                  | but a little less powerful. [a neqoxec]
 65676 | Abyss:3  | Received a gift from Trog
 65732 | Abyss:3  | Got a slimy morningstar
 65786 | Abyss:3  | Gained mutation: You are clumsy. (Dex -2) [a neqoxec]
 65788 | Abyss:3  | Gained mutation: Potions are less effective at restoring
                  | your health. [a neqoxec]
 65792 | Abyss:3  | Paralysed by a great orb of eyes for 2 turns
 65795 | Abyss:3  | Lost mutation: Your mind is acute. (Int +2) [a neqoxec]
 65835 | Abyss:3  | Got an abyssal rune of Zot
 65889 | Zig:3    | Escaped the Abyss
 65903 | Zig:4    | Entered Level 4 of a ziggurat
 65932 | Zig:5    | Entered Level 5 of a ziggurat
 65980 | Zig:5    | Identified the Handbook of Fetching Companions
 66002 | Zig:5    | Identified the +9 morningstar of the Thing {vorpal, Str+3
                  | Int+5} (You found it on level 3 of the Abyss)
 66007 | Zig:6    | Entered Level 6 of a ziggurat
 66081 | Zig:6    | Received a gift from Trog
 66100 | Zig:6    | Identified Falickits's Volume of Venomous Snow
 66118 | Zig:7    | Entered Level 7 of a ziggurat
 66187 | Zig:7    | Got an ancient war axe
 66204 | Zig:7    | Identified the cursed +1 war axe "Xups" {holy, rN+++ MP-9
                  | Str-5 Stlth+} (You found it on level 7 of a ziggurat)
 66210 | Zig:8    | Entered Level 8 of a ziggurat
 66261 | Zig:8    | Noticed a juggernaut
 66261 | Zig:8    | Noticed a juggernaut
 66270 | Zig:8    | Killed a juggernaut
 66276 | Zig:8    | Killed a juggernaut
 66308 | Zig:8    | Reached skill level 1 in Staves
 66308 | Zig:8    | Reached skill level 1 in Throwing
 66308 | Zig:8    | Reached skill level 5 in Stealth
 66308 | Zig:8    | Reached skill level 1 in Unarmed Combat
 66308 | Zig:8    | Reached skill level 1 in Spellcasting
 66313 | Zig:8    | Got a twitching bone ring
 66323 | Zig:8    | Identified the ring "Yjiasch" {+Blink Str+4 Stlth-} (You
                  | found it on level 8 of a ziggurat)
 66329 | Zig:9    | Entered Level 9 of a ziggurat
 66363 | Zig:9    | Lost intelligence.
 67379 | Zig:9    | Lost mutation: Your spells are a little easier to cast, but
                  | a little less powerful. [potion of mutation]
 67379 | Zig:9    | Lost mutation: Potions are less effective at restoring your
                  | health. [potion of mutation]
 67379 | Zig:9    | Lost mutation: You are clumsy. (Dex -2) [potion of
                  | mutation]
 67379 | Zig:9    | Lost mutation: You are partially covered in molten scales.
                  | (AC +2) [potion of mutation]
 67379 | Zig:9    | Gained mutation: You are sometimes teleported next to
                  | monsters. [potion of mutation]
 67379 | Zig:9    | Gained mutation: Your spells are a little easier to cast,
                  | but a little less powerful. [potion of mutation]
 67379 | Zig:9    | Gained mutation: You are covered in fur. (AC +1) [potion of
                  | mutation]
 67380 | Zig:9    | Lost mutation: You are sometimes teleported next to
                  | monsters. [potion of mutation]
 67380 | Zig:9    | Lost mutation: You are covered in fur. (AC +1) [potion of
                  | mutation]
 67380 | Zig:9    | Lost mutation: Your spells are a little easier to cast, but
                  | a little less powerful. [potion of mutation]
 67380 | Zig:9    | Gained mutation: You are partially covered in large bone
                  | plates. (SH +4) [potion of mutation]
 67388 | Zig:9    | Got a crude quarterstaff
 67391 | Zig:9    | Identified the cursed +0 quarterstaff "Undertaker" {speed,
                  | rF+ rC+++ rN+ Str-3 Stlth+} (You found it on level 9 of a
                  | ziggurat)
 67392 | Zig:9    | Lost mutation: You are partially covered in large bone
                  | plates. (SH +4) [potion of mutation]
 67392 | Zig:9    | Gained mutation: Your flesh is heat resistant. (rF+)
                  | [potion of mutation]
 67393 | Zig:9    | Lost mutation: Your flesh is heat resistant. (rF+) [potion
                  | of mutation]
 67393 | Zig:9    | Gained mutation: You expend magic power (3 MP) to
                  | strengthen your wands. [potion of mutation]
 67393 | Zig:9    | Gained mutation: You have a pair of small horns on your
                  | head. [potion of mutation]
 67394 | Zig:9    | Lost mutation: You have a pair of small horns on your head.
                  | [potion of mutation]
 67394 | Zig:9    | Lost mutation: You expend magic power (3 MP) to strengthen
                  | your wands. [potion of mutation]
 67394 | Zig:9    | Gained mutation: Your flesh is cold resistant. (rC+)
                  | [potion of mutation]
 67400 | Zig:9    | Lost mutation: Your flesh is cold resistant. (rC+) [potion
                  | of mutation]
 67400 | Zig:9    | Gained mutation: Scrolls take you longer to read. [potion
                  | of mutation]
 67400 | Zig:9    | Gained mutation: You have large cloven feet. [potion of
                  | mutation]
 67401 | Zig:9    | Lost mutation: Scrolls take you longer to read. [potion of
                  | mutation]
 67401 | Zig:9    | Lost mutation: You have large cloven feet. [potion of
                  | mutation]
 67401 | Zig:9    | Gained mutation: Your body sometimes deteriorates upon
                  | taking damage. [potion of mutation]
 67401 | Zig:9    | Gained mutation: You are clumsy. (Dex -2) [potion of
                  | mutation]
 67401 | Zig:9    | Gained mutation: You expend magic power (3 MP) to
                  | strengthen your wands. [potion of mutation]
 67402 | Zig:9    | Lost mutation: Your body sometimes deteriorates upon taking
                  | damage. [potion of mutation]
 67402 | Zig:9    | Lost mutation: You are clumsy. (Dex -2) [potion of
                  | mutation]
 67402 | Zig:9    | Gained mutation: Your movements are slightly less
                  | encumbered by armour. (ER -2) [potion of mutation]
 67402 | Zig:9    | Gained mutation: You are agile. (Dex +2) [potion of
                  | mutation]
 67406 | Zig:10   | Entered Level 10 of a ziggurat
 67417 | Zig:10   | Noticed an ancient lich
 67435 | Zig:10   | Killed an ancient lich
 67452 | Zig:10   | Got a smoking rapier
 67455 | Zig:10   | Got a fine plate armour
 67460 | Zig:10   | Got a polished battleaxe
 67476 | Zig:10   | Got a fine brass ring
 67500 | Zig:10   | Identified the +10 battleaxe of Makhleb's Condemnation
                  | {venom, Dex+3} (You found it on level 10 of a ziggurat)
 67501 | Zig:10   | Identified the cursed +1 rapier of Youthful Indiscretion
                  | {pain, Str+4} (You found it on level 10 of a ziggurat)
 67502 | Zig:10   | Identified the +5 plate armour of the Ant {Str+3} (You
                  | found it on level 10 of a ziggurat)
 67503 | Zig:10   | Identified the ring "Siykaic" {*Tele Str+3} (You found it
                  | on level 10 of a ziggurat)
 67524 | Zig:11   | Entered Level 11 of a ziggurat
 67579 | Zig:11   | Noticed an ancient lich
 67585 | Zig:11   | Cast into level 3 of the Abyss (a lich)
 67663 | Zig:11   | Escaped the Abyss
 67666 | Zig:11   | Received a gift from Trog
 67685 | Zig:11   | Killed an ancient lich
 67820 | Zig:12   | Entered Level 12 of a ziggurat
 67828 | Zig:12   | Noticed a juggernaut
 67837 | Zig:12   | Reached skill level 5 in Evocations
 67842 | Zig:12   | Killed a juggernaut
 67904 | Zig:12   | Got a jewelled flail
 67911 | Zig:12   | Identified Letyheceist's Tome of Snow and the Escort
 67918 | Zig:12   | Identified the +9 flail of Joyful Slaughter {vorpal, +Fly
                  | rElec rF- Str+6} (You found it on level 12 of a ziggurat)
 67921 | Zig:13   | Entered Level 13 of a ziggurat
 67936 | Zig:13   | Reached skill level 27 in Armour
 67936 | Zig:13   | Received a gift from Trog
 67997 | Zig:13   | Got a smoking granite ring
 67998 | Zig:13   | Identified the ring "Zarghoequ" {Int+4 SInv} (You found it
                  | on level 13 of a ziggurat)
 68065 | Zig:13   | Identified a +0 pair of boots of running (You found it on
                  | level 13 of a ziggurat)
 68080 | Zig:14   | Entered Level 14 of a ziggurat
 68096 | Zig:14   | Found the +2 robe of Vines {NoPotionHeal Regen+7}
 68127 | Zig:14   | HP: 5/199 [reaper/+3 scythe of flaming (7)]
 68128 | Zig:14   | Mangled by a juggernaut zombie

Illustrated notes

Levels and vault maps discovered:
D:1:      lemuel_arrival_river_ford, layout_basic
D:2:      layout_loops_cross, makhleb_blood_cavern_becter
D:3:      layout_rooms, kennysheep_slug_shrine
D:4:      layout_basic, okawaru_ov_weapons_minmay
D:5:      layout_cave_pools, serial_column_ruins, column_ruins_grid_2,
          column_ruins_corridor_corner, column_ruins_corridor_plus,
          column_ruins_open_tiny, column_ruins_columns_straight, serial_shops,
          kennysheep_mini_moat, minmay_checkerbox
D:6:      layout_loops_ring, lemuel_crystal_altar,
          lightli_ossuary_entry_decrepit_ruins
D:7:      layout_rooms, lemuel_doored_altar, nicolae_ru_the_path_less_chosen,
          eat_drink_and_be_merry_uskayaw, minmay_temple_entry_tees,
          serial_shops, shop, kennysheep_nub, kennysheep_small_spiral,
          david_defended_altar_elf
D:8:      layout_loops_ring, tgw_trog
D:9:      layout_cave_pods, kennysheep_little_box, serial_shops, shop
D:10:     layout_roguey, david_lair_generic, uniq_joseph
D:11:     layout_basic, hex_tiny, lightli_fourway_metalbox, uniq_snorg
D:12:     cheibrodos_helix_gallery, layout_basic, orc_0_dummy, uniq_kirke
D:13:     kennysheep_kobold_grotto, layout_loops_corners,
          nicolae_transmutations_shop
D:14:     layout_irregular_city, erik_vaults_1, chequers_arboretum
D:15:     hangedman_depths_entry_try_elsewhere_first, layout_rooms,
          serial_co_window_serial, co_window_paths_a, co_window_corner_a,
          co_window_paths_a, co_window_paths_a, co_window_of_opportunity_a,
          co_window_paths_b, co_window_unsneaky_path_c,
          co_window_unsneaky_path_e, co_window_unsneaky_path_c,
          co_window_paths_c, co_window_unsneaky_path_c, co_window_sun,
          glass_columns_a, glass_columns_b, glass_columns_c, glass_columns_a,
          glass_columns_a, minmay_misc_feat_square, lemuel_blue_sif_altar
Lair:1:   gammafunk_indiana_jones, layout_chaotic_city, serial_bayou_lagoon_b,
          serial_bayou_shore_b, uniq_sonja
Lair:2:   layout_gridlike, enter_volcano_3, infiniplex_staircase_pool_2,
          minmay_lair_oklob_chamber
Lair:3:   layout_chaotic_city, nicolae_spider_entry_non_spiders,
          gammafunk_ghost_wrathful_warriors, grunt_megastairs_5,
          lemuel_fruit_fields, lemuel_fruit_fields
Lair:4:   layout_cave_pods, nicolae_swamp_entry_splash_gauntlet
Lair:5:   layout_regular_city, slime_altar_2, kennysheep_catoblepas_arena
Lair:6:   wormcave, layout_regular_city, hangedman_lair_tendril_chambers,
          lemuel_fruit_fields
Swamp:1:  layout_falls_marsh, evilmike_swamp_ruin_rubble_2,
          hangedman_swamp_ravenous, infiniplex_staircase_pool
Swamp:2:  layout_falls_marsh, gammafunk_ghost_grave,
          evilmike_swamp_ruin_rubble_1
Swamp:3:  layout_basic_swamp, nicolae_swamp_trees_clearing
Swamp:4:  byrel_swamp_growth_death_and_undeath, layout_basic_swamp, swamp_pool1
Spider:1: layout_spider_delve
Spider:2: layout_spider_delve, gammafunk_ghost_tricky_traps,
          guppyfry_spider_mini_1
Spider:3: layout_spider_delve
Spider:4: grunt_spider_rune_circles, special_room [special_room_bee],
          uniq_arachne
Orc:1:    layout_diamond_mine, basic_altar
Orc:2:    grunt_orc_tribal_feast, layout_caves,
          portal_ice_cave_entry_ice_beasts, uniq_saint_roka
Elf:1:    eino_elf_arrival_altar, layout_geoelf_grid, minmay_elf_sorcery
Elf:2:    layout_geoelf_diagonals, serial_shops, shop, mu_enter_wizlab_4,
          guppyfry_elf_altar
Elf:3:    elf_hall, layout_loops_cross, grunt_ministairs_5, minivault_16
Vaults:1: nicolae_vaults_network_quincunx
          [nicolae_vaults_network_quincunx_subvault,
          nicolae_vaults_network_quincunx_subvault,
          nicolae_vaults_network_quincunx_subvault,
          nicolae_vaults_network_quincunx_subvault,
          nicolae_vaults_network_quincunx_subvault],
          nicolae_vaults_yaktaur_gun_rack, hangedman_vaults_variations,
          nicolae_vaults_an_arrangement, nicolae_vaults_what_the_h, v_misc_27,
          v_misc_22, layout_vaults_omnigrid, serial_shops, shop
Vaults:2: st_cross, vaults_room_octagon, v_pattern_5, vaults_standard_mumra_x,
          nicolae_vaults_little_squares_4, hangedman_vaults_maws,
          nicolae_vaults_circle_grid_a, nicolae_vaults_ninety_degrees, v_misc_3,
          hangedman_vaults_slice, vaults_room_stairs_pillars,
          ontoclasm_vaults_loading_screen, layout_vaults_omnibox, uniq_jory,
          uniq_donald, uniq_sojobo
Vaults:3: nicolae_vaults_asterisk, nicolae_vaults_shelves_hall, serial_ice_g,
          nicolae_vaults_big_angled_halls, minmay_crypt_entry_simple_sparse,
          v_alt_pattern_4, hangedman_vaults_hat, vaults_dpeg_spiral,
          vaults_room_stairs_pillars, v_alt_pattern_5, layout_vaults_big_cross,
          basic_altar, uniq_mennas, uniq_margery
Vaults:4: hangedman_vaults_river_flow, v_misc_16, v_alt_pattern_4,
          nicolae_vaults_hallways_thing, grunt_vaults_hallway_long, v_misc_3,
          hangedman_vaults_nodes, ontoclasm_vaults_shout, v_misc_30,
          vaults_room_ringed_pool, ontoclasm_vaults_gateway,
          vaults_mumra_minichess, v_misc_9, layout_vaults_maze, serial_shops,
          nicolae_shop_statue_plus
Vaults:5: uniq_boris
Crypt:1:  layout_basic
Crypt:2:  layout_rooms
Crypt:3:  david_glass_crypt, layout_misc_corridors,
          nicolae_tomb_entry_rubble_hallway
Depths:1: layout_basic, grunt_pan_entry_in_and_out, hell_entry, abyss_entry,
          tso_metal_star, kennysheep_generic_room_14
Depths:2: minmay_the_grid_octo_triangle [minmay_the_grid_octo_pinwheel,
          minmay_the_grid_octo_prize_single_spiral,
          minmay_the_grid_octo_vomiting_pacman], layout_cave_shapes,
          abyss_entry, serial_bayou, serial_bayou_pond_c, serial_bayou_pond_a,
          serial_bayou_shore_a, serial_bayou_shore_b, grunt_hell_horde,
          rand_demon_pan_entry_9, serial_shops, shop, grunt_decor_fettered,
          hangedman_decor_peaks_small, minmay_misc_feat_secret_circle,
          serial_bayou_shore_b, infiniplex_staircase_zigzag_5
Depths:3: gammafunk_corrupted_shrine, layout_gridlike, ziggurat_fallback,
          hell_entry, ebering_ghost_disaster_area, hangedman_abyss_entry_splay,
          kennysheep_decorative_pillar, grunt_pan_entry_spiral,
          evilmike_minifort
Depths:4: minmay_bloctagon_deflated, layout_cave_pools, abyss_entry,
          grunt_hell_entry_dis_grunt, drop_trap
Depths:5: grunt_zot_entry_bicorn, layout_gridlike, fountainhead, serial_curves,
          eino_curves_02, eino_curves_02, gammafunk_ghost_abyssal_escape,
          pf_hell_entry_tar_spiral, st_stairs_3, uniq_frederick
Hell
Dis:1:    layout_chaotic_city, hangedman_dis_decor_blocks_crown
Dis:2:    hangedman_iron_city_apartments, layout_subdivisions
Dis:3:    layout_gridville
Dis:4:    lemuel_dis_dragons, layout_jigsaw
Dis:5:    layout_subdivisions
Dis:6:    layout_jigsaw
Dis:7:    iron_city_of_dis [dis_mu, dis_wall_6], layout_chaotic_city
Zig:14

Skill      XL: |  1  2  3  4  5  6  7  8  9 10 11 12 13 14 15 16 17 18 19 20 21 22 23 24 25 26 27 |
---------------+----------------------------------------------------------------------------------+-----
Long Blades    | 3 4 5 |  5.3
Fighting       | 4 5 6 8 9 10 11 12 13 14 15 16 17 18 19 20 21 22 23 27 | 27.0
Dodging        | 2 3 4 5 6 7 13 | 13.5
Stealth        | 1 2 3 4 6 |  6.6
Armour         | 3 4 5 7 8 9 10 11 12 13 14 15 16 27 | 27.0
Maces & Flails | 1 2 3 |  3.8
Axes           | 5 8 10 12 13 14 15 16 18 19 20 21 22 23 27 | 27.0
Evocations     | 1 2 6 |  6.0
Shields        | 2 4 7 8 10 11 13 14 16 18 19 20 21 22 23 24 27 | 27.0
Staves         | 2 |  2.1
Throwing       | 1 |  1.9
Unarmed Combat | 2 |  2.1
Spellcasting   | 1 |  1.9

Action                   |  1- 3 |  4- 6 |  7- 9 | 10-12 | 13-15 | 16-18 | 19-21 | 22-24 | 25-27 || total
-------------------------+-------+-------+-------+-------+-------+-------+-------+-------+-------++-------
Melee: Falchion          |   133 |   207 |       |       |       |       |       |       |       ||   340
       Mace              |       |    30 |    75 |       |       |       |       |       |       ||   105
       War axe           |       |       |   164 |   627 |   602 |       |       |       |       ||  1393
       Broad axe         |       |       |       |       |   237 |  1215 |  1175 |  1169 |  4683 ||  8479
Invok: Berserk           |     1 |     1 |     3 |     2 |     4 |     9 |    10 |     3 |    22 ||    55
       Brothers in Arms  |       |       |       |       |       |     2 |       |       |     2 ||     4
       Trog's Hand       |       |       |       |       |       |       |     2 |       |     3 ||     5
 Abil: Fly               |       |       |       |       |     1 |       |       |       |       ||     1
       Evoke Invisibilit |       |       |       |       |       |       |     1 |       |       ||     1
Evoke: Wand              |       |       |       |     4 |     5 |       |    13 |       |    10 ||    32
       Phantom mirror    |       |       |       |       |       |       |       |       |     1 ||     1
       Condenser vane    |       |       |       |       |       |       |       |       |     1 ||     1
  Use: Potion            |       |       |    11 |    11 |     1 |     3 |    17 |     3 |    26 ||    72
       Scroll            |       |       |     9 |    14 |    10 |    19 |    20 |     4 |    40 ||   116
 Stab: Sleeping          |     4 |       |       |       |       |       |       |       |       ||     4
       Petrified         |       |       |       |       |       |     1 |       |       |       ||     1
       Distracted        |       |       |       |       |       |       |       |       |     1 ||     1
       Confused          |       |       |       |       |       |       |       |       |     1 ||     1
Armor: Animal skin       |    58 |    23 |       |       |       |       |       |       |       ||    81
       Scale mail        |       |   105 |    43 |       |       |   284 |       |       |       ||   432
       Chain mail        |       |       |    27 |       |       |       |       |       |       ||    27
       Plate armour      |       |       |    89 |   380 |   411 |   187 |   482 |   329 |  1503 ||  3381
Dodge: Dodged            |    90 |   140 |   101 |   134 |   243 |   354 |   291 |   205 |   958 ||  2516
Block: Kite shield       |       |       |       |   190 |   488 |   506 |       |       |       ||  1184
       Tower shield      |       |       |       |       |       |   605 |  1212 |  1073 |  4189 ||  7079
       Rpst.: Falchion   |    25 |    43 |       |       |       |       |       |       |       ||    68

Table legend: (Time is in decaauts)
 A = Elapsed time spent in this place.
 B = Non-inter-level travel time spent in this place.
 C = Inter-level travel time spent in this place.
 D = Time resting spent in this place.
 E = Time spent auto-exploring this place.
 F = Levels seen in this place.
 G = Mean time per level.
                   A        B        C        D        E       F      G
               +--------+--------+--------+--------+--------+-----+--------+
         Total |  66234 |  61197 |   5037 |   3766 |  40169 |  79 |  838.4 |
       Dungeon |  17105 |  15737 |   1368 |    105 |  12593 |  15 | 1140.3 |
          Lair |   6207 |   5399 |    808 |     48 |   4080 |   6 | 1034.5 |
         Swamp |   3157 |   2933 |    224 |    253 |   1854 |   4 |  789.2 |
   Spider Nest |   3045 |   2851 |    194 |      1 |   1935 |   4 |  761.2 |
  Orcish Mines |   1713 |   1358 |    355 |      0 |    940 |   2 |  856.5 |
   Elven Halls |   4424 |   3976 |    448 |    577 |   2202 |   3 | 1474.7 |
        Vaults |   6373 |   5828 |    545 |      0 |   3998 |   5 | 1274.6 |
         Crypt |   2646 |   2407 |    239 |     75 |   1688 |   3 |  882.0 |
        Depths |   5496 |   5000 |    496 |     30 |   3688 |   5 | 1099.2 |
          Hell |    942 |    869 |     73 |    260 |    341 |   1 |  942.0 |
           Dis |   9929 |   9643 |    286 |   1004 |   5737 |   7 | 1418.4 |
         Abyss |   1828 |   1828 |      0 |    253 |    573 |   7 |  261.1 |
      Ziggurat |   2217 |   2217 |      0 |   1035 |    195 |  14 |  158.4 |
       Ossuary |    234 |    234 |      0 |      0 |    113 |   1 |  234.0 |
      Ice Cave |    412 |    412 |      0 |     24 |    155 |   1 |  412.0 |
        Wizlab |    500 |    500 |      0 |     98 |     75 |   1 |  500.0 |
               +--------+--------+--------+--------+--------+-----+--------+

Top non-repeatable levels by time:
   Dis:7: 3040 daAuts
   Elf:3: 2150 daAuts
    D:13: 1650 daAuts
    D:14: 1507 daAuts
Vaults:5: 1466 daAuts
   Dis:2: 1464 daAuts
    D:12: 1436 daAuts
    D:11: 1431 daAuts
     D:2: 1408 daAuts
  Lair:6: 1406 daAuts
Depths:3: 1399 daAuts
Depths:2: 1383 daAuts
    D:15: 1343 daAuts
Vaults:3: 1320 daAuts
Vaults:2: 1248 daAuts
